 Dungeon Crawl Stone Soup version 0.31-a0-354-g827e0957a7 (webtiles) character file.

Game seed: 15962890221439691852

6356 RepHenryClay the Protected (level 10, 0/129 HPs)
             Began as an Armataur Fighter on July 23, 2023.
             Succumbed to Erica's bolt of poison
             ... on level 9 of the Dungeon.
             The game lasted 00:13:13 (10809 turns).

RepHenryClay the Protected (Armataur Fighter)      Turns: 10809, Time: 00:13:13

Health: 0/129      AC: 25    Str: 25    XL:     10   Next: 65%
Magic:  10/10      EV:  1    Int:  9    God:
Gold:   572        SH:  6    Dex: 14    Spells: 9/9 levels left

rFire   . . .        a - +3 hand axe (elec)
rCold   . . .        c - +1 buckler
rNeg    . . .        D - melded +2 plate armour {rN+}
rPois   +            f - melded +0 helmet
rElec   .            A - melded scarf {+Inv}
rCorr   .            y - melded +0 pair of gloves
SInv    .            (no barding)
Will    +....        (no amulet)
Stlth   +            m - ring of willpower
HPRegen 0.41/turn    s - +6 ring of strength
MPRegen 0.12/turn

%: roll
@: lethally poisoned (0 -> -12), tree-form
A: stationary, stasis, torment immunity, boosted hp, large, rugged brown scales
3, (deformed body), (armoured tail), roll, long tongue, awkward tongue, (hooves
1), (stinger 1), (cold resistance 1), robust 1, weak 1
a: no special abilities


You were on level 9 of the Dungeon.
You were a tree.
You visited 2 branches of the dungeon, and saw 10 of its levels.

You collected 572 gold pieces.

Inventory:

Hand Weapons
 a - a +3 hand axe of electrocution (weapon)
 b - a +0 spear of venom
 u - a +0 war axe
Missiles
 C - a throwing net
Armour
 c - a +1 buckler (worn)
 e - a +0 scale mail
 f - a +0 helmet (melded)
 k - a +1 ring mail of poison resistance
 y - a +0 pair of gloves (melded)
 A - a scarf of invisibility (melded)
 D - a +2 plate armour of positive energy (melded)
Jewellery
 j - a ring of resist corrosion
 m - a ring of willpower (left branch)
 o - a ring of positive energy
 s - a +6 ring of strength (right branch)
Wands
 d - a wand of iceblast (13)
 w - a wand of digging (7)
Scrolls
 h - a scroll of fog
 i - 2 scrolls of teleportation
 n - 2 scrolls of vulnerability
 r - a scroll of amnesia
 v - a scroll of blinking
 B - a scroll of enchant armour
Potions
 g - 2 potions of brilliance
 l - a potion of haste
 q - 2 potions of enlightenment
 x - a potion of lignification
 z - a potion of might


   Skills:
 - Level 2.6 Fighting
 + Level 9.9 Axes
 + Level 11.7 Armour
 - Level 3.2 Shields
 - Level 6.5 Evocations


You had 9 spell levels left.
You didn't know any spells.
Your spell library contained the following spells:

 Spells                   Type           Power      Damage    Failure   Level
 Magic Dart               Conj           0%         1d3       43%         1
 Searing Ray              Conj           0%         2d4       58%         2
 Fulminant Prism          Conj/Hex       0%         3d5       99%         4


Dungeon Overview and Level Annotations

Branches:
Dungeon (9/15)             Temple (1/1) D:5
   Lair: D:8-11         Orc: D:9-12

Altars:
Ashenzari
Cheibriados
Dithmenos
Elyvilon
Fedhas
Gozag
Hepliaklqana
Kikubaaqudgha
Makhleb
Nemelex Xobeh
Qazlal
Ru
Sif Muna
Trog
Uskayaw
Vehumet
Wu Jian
Xom
Yredelemnul
Zin
The Shining One

Annotations:
D:6 2 transporters, osoart's ghost, novice OgSh
D:9 Erica


Innate Abilities, Weirdness & Mutations

You are a tree.
Your roots penetrate the ground, keeping you stationary.
You cannot be teleported.
You are immune to unholy pain and torment.
Your maximum health is greatly increased.
Your equipment is partially melded.
(You are completely covered in rugged brown scales. (AC +3, +7% HP))
((Armour fits poorly on your strangely shaped body.))
((You have a long armoured tail.))
You roll when moving toward enemies. (Rampage)
Your long tongue fully drains potion bottles. (2x potion effects)
Your tongue gives you trouble enunciating. (1.5x scroll delay)
((You have large cloven feet.))
((Your tail ends in a venomous barb.))
((Your flesh is cold resistant. (rC+)))
You are robust. (+10% HP)
You are weak. (Str -2)


Message History

Something burns you.
* * * LOW HITPOINT WARNING * * *
Huge Dmg: -14%(-12hp) hp: 12%(10hp)
Okay, then.
Okay, then.
You hit something but do no damage. Your kick misses something.
Your tail-slap misses something.
Something hits you but does no damage.
You barely miss something. You kick something.
You feel less confused.
You miss something. Your kick misses something.
You hear some strange, mumbled words.
A bolt of poison appears from out of thin air!
The bolt of poison hits you!
You are lethally poisoned!
* * * LOW HITPOINT WARNING * * *
Huge Dmg: -8%(-7hp) hp: 5%(4hp)
Okay, then.
Unknown command.
Really quaff the potion of lignification? [Y]es or [N]o only, please.
Really quaff the potion of lignification? [Y]es or [N]o only, please.
Really quaff the potion of lignification?
You turn into a tree.
Your scarf of invisibility melds into your body.
Your +0 helmet melds into your body.
Your +0 pair of gloves melds into your body.
Your +2 plate armour of positive energy melds into your body.
You feel less protected from negative energy.
Your roots penetrate the ground.
You slurp down every last drop of the potion of lignification!
* * * LOW HITPOINT WARNING * * *
You feel very sick. Something hits you but does no damage.
Huge Dmg: -2%(-2hp) hp: 2%(2hp)
You cannot move.
You cannot move.
You cannot move.
You barely miss something.
You die...

#...# #...#
#####...###############
.......................
############...........
#..)........
#)))........
#####...........
.......♣{.......
................
#####...........
#..######### #..# #..
#.. ...


There were no monsters in sight!

Vanquished Creatures
  Joseph (D:8)
  Sigmund (D:5)
  7 yaks
  2 steam dragons
  Grum (D:7)
  Edmund (D:5)
  An acid dragon (D:8)
  A water moccasin (D:6)
  2 orc warriors
  Duvessa (D:5)
  2 ice beasts (D:6)
  A black bear (D:5)
  4 ogres
  4 wolves (D:8)
  A centaur (D:9)
  A phantom (D:5)
  2 kobold brigands (D:9)
  4 bullfrogs
  Blork the orc (D:4)
  2 gnoll sergeants
  3 scorpions
  5 wights (D:8)
  Dowan (D:5)
  15 killer bees
  An electric eel (D:6)
  3 jellies
  4 hounds
  2 orc priests
  A gnoll bouda (D:6)
  3 iguanas
  Ijyb (D:3)
  3 sleepcaps
  6 orc wizards
  8 adders
  12 gnolls
  2 shadow imps
  A white imp (D:5)
  2 ufetubi
  2 worms
  11 dart slugs
  35 orcs
  5 ball pythons
  4 endoplasms
  4 giant cockroaches
  3 goblins
  5 hobgoblins
  4 jackals
  20 kobolds
  6 quokkas
  8 bats
  6 frilled lizards
  6 rats
232 creatures vanquished.

Notes
Turn   | Place    | Note
-------+----------+-------------------------------------------
     0 | D:1      | RepHenryClay the Armataur Fighter began the quest for the
                  | Orb.
     0 | D:1      | Reached XP level 1. HP: 19/19 MP: 1/1
   163 | D:1      | Reached XP level 2. HP: 26/26 MP: 2/2
   561 | D:2      | Reached XP level 3. HP: 32/32 MP: 3/3
   800 | D:2      | Reached XP level 4. HP: 39/39 MP: 4/4
   883 | D:2      | Found a radiant altar of Vehumet.
  1375 | D:3      | Noticed Ijyb
  1410 | D:3      | Killed Ijyb
  1413 | D:3      | Found a shimmering altar of Xom.
  1428 | D:3      | Found a faded altar of an unknown god.
  1532 | D:3      | Found an ancient bone altar of Kikubaaqudgha.
  1916 | D:3      | Found a hazy altar of Hepliaklqana.
  1923 | D:3      | Found a shadowy altar of Dithmenos.
  1923 | D:3      | Found a glowing silver altar of Zin.
  1924 | D:3      | Found a hide-covered altar of Uskayaw.
  1925 | D:3      | Found a burning altar of Makhleb.
  1926 | D:3      | Found a radiant altar of Vehumet.
  1927 | D:3      | Found a stormy altar of Qazlal.
  2044 | D:4      | Reached XP level 5. HP: 33/44 MP: 5/5
  2273 | D:4      | Noticed an ogre
  2280 | D:4      | Killed an ogre
  2281 | D:4      | Reached skill level 5 in Axes
  2281 | D:4      | Reached XP level 6. HP: 21/53 MP: 6/6
  2683 | D:4      | Noticed Blork the orc
  2692 | D:4      | Killed Blork the orc
  2693 | D:4      | Reached skill level 4 in Armour
  3099 | D:5      | Entered Level 5 of the Dungeon
  3099 | D:5      | Found a staircase to the Ecumenical Temple.
  3106 | Temple   | Entered the Ecumenical Temple
  3129 | D:5      | Noticed Sigmund
  3209 | D:5      | Killed Sigmund
  3210 | D:5      | Reached skill level 5 in Armour
  3210 | D:5      | Reached XP level 7. HP: 34/59 MP: 7/7
  3459 | D:5      | Reached skill level 6 in Armour
  3529 | D:5      | Reached XP level 8. HP: 10/66 MP: 8/8
  3752 | D:5      | Noticed Duvessa
  3752 | D:5      | Noticed Dowan
  3767 | D:5      | Killed Duvessa
  3768 | D:5      | Reached skill level 7 in Armour
  3780 | D:5      | Killed Dowan
  3874 | D:5      | Found a snail-covered altar of Cheibriados.
  4127 | D:5      | Noticed Edmund
  4141 | D:5      | Killed Edmund
  4305 | D:5      | Reached skill level 8 in Armour
  5683 | D:6      | Found a transporter.
  5683 | D:6      | Noticed osoart's ghost (novice OgSh)
  5691 | D:6      | Reached skill level 9 in Armour
  5691 | D:6      | Reached XP level 9. HP: 72/72 MP: 9/9
  6111 | D:6      | Found a transporter.
  6929 | D:7      | Found a sparkling altar of Nemelex Xobeh.
  7382 | D:6      | Reached skill level 10 in Armour
  8051 | D:6      | Reached skill level 1 in Evocations
  8641 | D:8      | Noticed Grum
  8810 | D:7      | Killed Grum
  9032 | D:8      | Reached skill level 5 in Evocations
  9032 | D:8      | Reached XP level 10. HP: 46/79 MP: 10/10
  9675 | D:8      | Found an ornate altar of the Wu Jian Council.
  9697 | D:8      | Noticed Joseph
  9706 | D:8      | Killed Joseph
  9707 | D:8      | Reached skill level 11 in Armour
 10773 | D:9      | Noticed Erica
 10803 | D:9      | Gained mutation: Your flesh is cold resistant. (rC+)
                  | [potion of mutation]
 10803 | D:9      | Gained mutation: Your tail ends in a venomous barb. [potion
                  | of mutation]
 10803 | D:9      | Gained mutation: You are robust. (+10% HP) [potion of
                  | mutation]
 10803 | D:9      | Gained mutation: You are weak. (Str -2) [potion of
                  | mutation]
 10803 | D:9      | Gained mutation: You have large cloven feet. [potion of
                  | mutation]
 10807 | D:9      | HP: 4/86 [something/bolt of poison (7)]
 10809 | D:9      | Succumbed to Erica's bolt of poison

Illustrated notes

Levels and vault maps discovered:
D:1:      heliophobic_arrival_dark_side_of_the_moon, layout_rooms
D:2:      layout_loops_ring, basic_altar
D:3:      layout_rooms, nicolae_overflow_crystal_walls,
          mainiacjoe_overflow_catwalk, minitemple, nicolae_ecumenical_oubliette,
          minmay_randomly_rotated_circles, uniq_ijyb
D:4:      layout_basic, uniq_blork_the_orc
D:5:      layout_layer_cave, mainiacjoe_overflow_brackets,
          minmay_temple_entry_crystal_x, uniq_duvessa, uniq_sigmund, uniq_edmund
D:6:      kennysheep_slugbush, layout_layer_cave, gammafunk_ghost_arena
D:7:      layout_rooms, lemuel_crystal_altar
D:8:      layout_loops_ring, mainiacjoe_overflow_paths,
          minmay_fractal_squares_diagonal_5, uniq_grum, uniq_joseph
D:9:      layout_long_grid, uniq_prince_ribbit1, uniq_harold, uniq_erica
Temple:   nicolae_temple_bog_church

Skill      XL: |  1  2  3  4  5  6  7  8  9 10 |
---------------+-------------------------------+-----
Axes           | 2 3 4 5 6 7 8 9 |  9.9
Armour         | 5 6 9 10 11 | 11.7
Evocations     | 5 6 |  6.5
Fighting       | |  2.6
Shields        | |  3.2

Action                     |  1- 3 |  4- 6 |  7- 9 | 10-12 || total
---------------------------+-------+-------+-------+-------++-------
  Melee: War axe           |   108 |   104 |    70 |       ||   282
         Tailslap          |     5 |    12 |    45 |    20 ||    82
         Spear             |       |       |   126 |       ||   126
         Hand axe          |       |       |   109 |   220 ||   329
         Kick              |       |       |       |     1 ||     1
Ability: Evoke Invisibilit |       |       |       |     1 ||     1
  Evoke: Wand              |       |       |     2 |       ||     2
    Use: Potion            |       |     3 |     6 |     2 ||    11
         Scroll            |       |       |    13 |     2 ||    15
   Stab: Invisible         |       |     1 |       |     4 ||     5
         Distracted        |       |       |     1 |       ||     1
 Armour: Scale mail        |    69 |       |       |       ||    69
         Ring mail         |    15 |    74 |   129 |    62 ||   280
         Skin              |       |       |     7 |     1 ||     8
         Plate armour      |       |       |       |     8 ||     8
  Dodge: Dodged            |    56 |    73 |   121 |    71 ||   321
  Block: Buckler           |    28 |    31 |    98 |    57 ||   214

Table legend: (Time is in decaauts)
 A = Elapsed time spent in this place.
 B = Non-inter-level travel time spent in this place.
 C = Inter-level travel time spent in this place.
 D = Time resting spent in this place.
 E = Time spent auto-exploring this place.
 F = Levels seen in this place.
 G = Mean time per level.
                   A        B        C        D        E       F      G
               +--------+--------+--------+--------+--------+-----+--------+
         Total |  10917 |  10485 |    432 |   2423 |   6431 |  10 | 1091.7 |
       Dungeon |  10915 |  10483 |    432 |   2423 |   6431 |   9 | 1212.8 |
        Temple |      1 |      1 |      0 |      0 |      0 |   1 |    1.0 |
               +--------+--------+--------+--------+--------+-----+--------+

Top non-repeatable levels by time:
     D:6: 2647 daAuts
     D:5: 2025 daAuts
     D:4: 1350 daAuts
     D:8: 1323 daAuts
     D:7: 1252 daAuts
     D:2: 868 daAuts
     D:1: 585 daAuts
     D:3: 580 daAuts
     D:9: 282 daAuts
  Temple: 1 daAuts
